Map: Blueshift LE

Players

Lambo - Winner!

  • Race: Zerg Zerg
  • League: Grandmaster
  • Spawn Location: 7:00

rotab

  • Race: Zerg Zerg
  • League: Grandmaster
  • Spawn Location: 1:00

VOD

Have the link to the VOD?

Description

Time

  • Played on: Dec. 16, 2018, 10:29 a.m.
  • Length: 5:10
Show
View Real Time Build Order
Export as new Build Order

Lambo Zerg - Winner!

Build Orders: Pool First 

Get SALT Encoding   

  12  0:00  Drone  
  13  0:14  Overlord  
  13  0:18  Drone  
  14  0:32  Drone x2  
  16  0:39  Spawning Pool  
  15  0:45  Drone  
  15  0:48  Drone  
  17  1:09  Hatchery  
  16  1:11  Drone  
  17  1:28  Zergling x4  
  17  1:30  Queen, Zergling x2  
  17  1:32  Extractor  
  21  1:42  Overlord  
  21  1:46  Spine Crawler  
  20  1:51  Zergling x2  
  21  2:02  Spine Crawler  
  21  2:06  Zergling x2  
  21  2:10  Queen  
  25  2:24  Queen  
  27  2:33  Zergling x2  
  27  2:34  Zergling x2  
  25  2:40  Drone x4  
  29  2:47  Drone  
  30  2:54  Metabolic Boost  
  30  2:59  Drone  
  31  3:07  Overlord, Drone  
  31  3:09  Drone  
  31  3:12  Drone  
  34  3:16  Drone  
  34  3:17  Drone  
  36  3:26  Drone x2  
  38  3:29  Drone x2  
  38  3:31  Drone  
  41  3:38  Baneling Nest, Drone x2  
  42  3:43  Drone  
  42  3:45  Drone  
  44  3:56  Hatchery  
  44  3:59  Drone  
  44  4:02  Overlord  
  43  4:23  Baneling x3  
  43  4:24  Zergling x6  
  43  4:25  Zergling x4  
  43  4:27  Queen  
  50  4:32  Zergling x4  
  51  4:43  Zergling x6  
  52  4:48  Baneling x2  
Show
View Real Time Build Order
Export as new Build Order

rotab Zerg 

Build Orders: 1 Base Baneling Bust, Pool First, Zergling Baneling 

Get SALT Encoding   

  12  0:01  Drone  
  13  0:21  Spawning Pool  
  13  0:24  Drone  
  13  0:29  Drone  
  14  0:38  Extractor, Drone  
  14  0:48  Overlord  
  14  1:08  Zergling x6  
  14  1:09  Queen  
  19  1:19  Zergling x2  
  19  1:24  Baneling Nest  
  19  1:30  Zergling x2  
  20  1:40  Drone  
  21  1:58  Hatchery  
  20  2:07  Baneling x2  
  20  2:11  Drone x2  
  22  2:18  Overlord  
  21  2:37  Drone x2  
  21  2:43  Drone  
  22  2:49  Queen, Drone x2  
  26  2:52  Zergling x2  
  26  2:56  Zergling x2  
  28  3:03  Overlord  
  28  3:10  Baneling x2  
  28  3:19  Queen  
  30  3:23  Drone  
  31  3:32  Drone x3  
  34  3:38  Metabolic Boost  
  34  3:43  Overlord  
  34  3:47  Drone  
  36  3:48  Drone  
  36  3:55  Zergling x4  
  38  4:01  Zergling x2  
  38  4:02  Zergling x4  
  41  4:09  Zergling x6  
  44  4:21  Zergling x8  
  44  4:22  Zergling x2  
  49  4:31  Baneling x2  
  44  4:46  Baneling  
  44  4:49  Zergling x10  
  47  4:53  Baneling  
Tags
 
Add a new tag
Caveats
  • Supply blocks, unpowered buildings, or Contaminate may cause inaccurate times.
  • Supply counts are checked every 10 seconds.